 Dungeon Crawl Stone Soup version 0.28-a0-124-g73ec313a74 (webtiles) character file.

Game seed: 4175676202456557859

817 Ezendos the Skirmisher (level 7, -15/51 HPs)
             Began as an Octopode Brigand on Aug 14, 2021.
             Demolished by Duvessa (21 damage)
             ... on level 6 of the Dungeon.
             The game lasted 00:10:09 (5795 turns).

Ezendos the Skirmisher (Octopode Brigand)           Turns: 5795, Time: 00:10:10

Health: -15/51     AC:  1    Str: 11    XL:     7   Next: 94%
Magic:  10/10      EV: 13    Int: 21    God:
Gold:   254        SH:  4    Dex: 13    Spells: 4/11 levels left

rFire   . . .      SeeInvis .   l - +1 short sword (venom)
rCold   . . .      Faith    .   b - +0 buckler
rNeg    . . .      Spirit   .   (helmet restricted)
rPois   .          Reflect  .   (no amulet)
rElec   .          Harm     .   e - ring of willpower
rCorr   .          Rampage  .   f - +6 ring of intelligence
Will    +....                   (no ring)
Stlth   ++++......              (no ring)
HPRegen 0.17/turn               (no ring)
MPRegen 0.12/turn               (no ring)
                                (no ring)
                                (no ring)

@: no status effects
A: almost no armour, amphibious, 8 rings, camouflage 1, gelatinous body 1,
(nimble swimmer 1), tentacles
a: no special abilities


You were on level 6 of the Dungeon.
You visited 2 branches of the dungeon, and saw 7 of its levels.

You collected 254 gold pieces.

Inventory:

Hand Weapons
 a - a +2 dagger
 l - a +1 short sword of venom (weapon)
Armour
 b - a +0 buckler (worn)
 j - a +2 tower shield
Jewellery
 e - a ring of willpower (left tentacle)
 f - a +6 ring of intelligence (right tentacle)
Scrolls
 c - a scroll of enchant armour {unknown}
 k - a scroll of amnesia {unknown}
 n - a scroll of magic mapping {unknown}
 o - a scroll of teleportation
 p - a scroll of fog {unknown}
 q - 2 scrolls of enchant weapon {unknown}
 r - a scroll of summoning {unknown}
Potions
 d - a potion of brilliance
 h - a potion of heal wounds {unknown}
 i - a potion of flight
 m - 2 potions of curing


   Skills:
 * Level 5.7 Fighting
 - Level 2.0 Short Blades
 - Level 2.0 Throwing
 + Level 3.0 Dodging
 - Level 5.3 Stealth
 * Level 2.5 Shields
 + Level 2.6 Spellcasting
 + Level 3.8 Translocations


You had 4 spell levels left.
You knew the following spells:

 Your Spells              Type           Power      Damage    Failure   Level
a - Blink                 Tloc           N/A        N/A       5%          2
b - Manifold Assault      Tloc           18%        N/A       67%         5

Your spell library contained the following spells:

 Spells                   Type           Power      Damage    Failure   Level
 Lesser Beckoning         Tloc           9%         N/A       11%         3
 Borgnjor's Revivificati  Necr           1%         N/A       100%        8
 Necromutation            Tmut/Necr      1%         N/A       100%        8
 Death's Door             Necr           1%         N/A       100%        9


Dungeon Overview and Level Annotations

Branches:
Dungeon (6/15)             Temple (1/1) D:5

Altars:
Ashenzari
Cheibriados
Dithmenos
Hepliaklqana
Kikubaaqudgha
Makhleb
Nemelex Xobeh
Qazlal
Ru
Uskayaw
Vehumet
Wu Jian
Xom
Zin
The Shining One

Annotations:
D:5 exclusion: gargoyle
D:6 Duvessa


Innate Abilities, Weirdness & Mutations

You cannot wear most types of armour.
You are amphibious.
You can wear up to eight rings at the same time.
Your skin changes colour to match your surroundings (Stealth+).
Your rubbery body absorbs attacks. (AC +1, EV +1)
((You are camouflaged near water. (Stealth+)))
You have tentacles for arms and can constrict up to eight enemies at once.


Message History

Aim: Dowan, wielding a +0 dagger and wearing a +0 robe (asleep, 98% to hit)
You throw a curare-tipped dart. The curare-tipped dart hits Dowan.
Dowan is poisoned.
Dowan convulses.
Dowan seems to slow down.
Dowan is moderately wounded.
Throw: dart (curare)
Press: ? - help, Q - select action, (/) - cycle Shift-Dir - straight line, f/p - Dowan
Aim: Dowan, wielding a +0 dagger and wearing a +0 robe (heavily wounded, very poisoned, slow, 50% to hit)
You throw a curare-tipped dart.
The curare-tipped dart closely misses Dowan.
Dowan gestures wildly while chanting.
Dowan blinks!
You hear a shout!
There is a stone staircase leading up here.
Duvessa, Sister of Dowan comes into view.
She is wielding a +0 rapier.
A water moccasin comes into view.
There is a stone staircase leading up here.
Dowan gestures at you while chanting. The puff of frost hits you!
The water moccasin hisses angrily.
You hit Duvessa but do no damage.
Duvessa is poisoned.
You grab Duvessa. You constrict Duvessa.
Duvessa gestures with her weapon.
Duvessa hits you with a +0 rapier! The water moccasin bites you.
You hit Duvessa.
Duvessa is lightly wounded.
You constrict Duvessa, but do no damage.
You kill Dowan!
Duvessa screams in rage.
Duvessa goes berserk!
The water moccasin closely misses you. Duvessa hits you with a +0 rapier!
Your Dodging skill increases to level 3!
You hit Duvessa but do no damage. You squeeze Duvessa.
Duvessa is moderately wounded.
You constrict Duvessa. Duvessa hits you with a +0 rapier!
* * * LOW HITPOINT WARNING * * *
The water moccasin bites you.
* * * LOW HITPOINT WARNING * * *
Duvessa hits you with a +0 rapier!!
You die...

............#
.#.........##
.............
.....#...... .
#.....#.... ..
#........# #.
#........#
##..##......###.
#......@S.......
.......e........
................
#..........)...#
..##....#####...
. ......# $.
..#...... . <
##..... ....(.


You could see Duvessa (berserk, very poisoned) and a water moccasin.

Vanquished Creatures
  2 ogres (D:4)
  A water moccasin zombie (D:5)
  Dowan (D:6)
  A bullfrog zombie (D:5)
  2 centaur zombies (D:5)
  2 orc priests
  Natasha (thrice) (D:2)
  3 iguanas (D:4)
  2 orc wizards
  8 adders
  2 ufetubi
  An adder skeleton (D:4)
  3 worms
  13 orcs
  7 ball pythons
  3 bats
  5 endoplasms
  3 giant cockroaches (D:4)
  3 hobgoblins
  6 jackals
  2 quokkas
  3 frilled lizards (D:1)
  3 goblins
  6 kobolds
  6 rats
91 creatures vanquished.

Vanquished Creatures (others)
  A quokka (D:4)
1 creature vanquished.

Grand Total: 92 creatures vanquished

Notes
Turn   | Place    | Note
-------+----------+-------------------------------------------
     0 | D:1      | Ezendos the Octopode Brigand began the quest for the Orb.
     0 | D:1      | Reached XP level 1. HP: 14/14 MP: 1/1
   237 | D:1      | Reached XP level 2. HP: 17/20 MP: 2/2
   827 | D:2      | Noticed Natasha
   873 | D:2      | Found a broken altar of Ashenzari.
   921 | D:2      | Reached XP level 3. HP: 26/26 MP: 3/3
  1036 | D:2      | Killed Natasha
  1037 | D:2      | Reached XP level 4. HP: 6/33 MP: 4/4
  1310 | D:2      | Noticed Natasha
  1320 | D:2      | Killed Natasha
  1321 | D:2      | Reached skill level 1 in Shields
  1321 | D:2      | Noticed Natasha
  1333 | D:2      | Killed Natasha
  1334 | D:2      | Reached XP level 5. HP: 23/38 MP: 5/5
  1658 | D:3      | Found a glowing golden altar of the Shining One.
  1908 | D:3      | Found a sacrificial altar of Ru.
  2607 | D:3      | Reached skill level 5 in Fighting
  2891 | D:4      | Learned a level 2 spell: Blink
  2931 | D:4      | Reached XP level 6. HP: 45/45 MP: 6/6
  2949 | D:4      | Reached skill level 1 in Translocations
  3276 | D:4      | Found a hide-covered altar of Uskayaw.
  3276 | D:4      | Noticed a +0 spear
  3276 | D:4      | Noticed a +0 falchion
  3276 | D:4      | Noticed a +0 dagger
  3277 | D:4      | Noticed a +0 spear
  3277 | D:4      | Noticed a +0 short sword
  3277 | D:4      | Noticed a +0 short sword
  3318 | D:4      | Noticed a +0 dagger
  3320 | D:4      | Noticed a +0 falchion
  3426 | D:4      | Reached skill level 1 in Spellcasting
  3682 | D:4      | Found a shimmering altar of Xom.
  3880 | D:4      | Reached XP level 7. HP: 14/50 MP: 9/9
  4190 | D:4      | Learned a level 5 spell: Manifold Assault
  4774 | D:5      | Entered Level 5 of the Dungeon
  4878 | D:5      | Found a shadowy altar of Dithmenos.
  5114 | D:5      | Noticed a gargoyle
  5314 | D:5      | Found a staircase to the Ecumenical Temple.
  5375 | D:5      | Found a snail-covered altar of Cheibriados.
  5403 | Temple   | Entered the Ecumenical Temple
  5780 | D:6      | Noticed Dowan
  5787 | D:6      | Noticed Duvessa
  5794 | D:6      | Killed Dowan
  5795 | D:6      | Demolished by Duvessa

Illustrated notes

Levels and vault maps discovered:
D:1:      evilmike_arrival_crescent, layout_loops_ring
D:2:      layout_rooms, basic_altar, uniq_natasha
D:3:      layout_basic, mainiacjoe_overflow_24_doors, lemuel_crystal_altar
D:4:      layout_loops_ring, nicolae_uskayaw_en_pointe,
          overflow_temple_1_default, lemuel_flame_loot_1
D:5:      layout_basic, cheibrodos_worm_habitat, old_standard_altar,
          minmay_temple_entry_enclosed_plants
D:6:      layout_cave_pools, nzn_overflow_gifts_of_might_and_magic,
          serial_shops, shop, uniq_duvessa, uniq_pikel, uniq_menkaure
Temple:   compressed_dpeg_triangle_lava_temple

Skill      XL: |  1  2  3  4  5  6  7 |
---------------+----------------------+-----
Fighting       | 3 4 5 |  5.7
Shields        | 1 2 |  2.5
Dodging        | 2 3 |  3.0
Translocations | 3 |  3.8
Spellcasting   | 1 2 |  2.6
Short Blades   | |  2.0
Throwing       | |  2.0
Stealth        | |  5.3

Action                   |  1- 3 |  4- 6 |  7- 9 || total
-------------------------+-------+-------+-------++-------
Melee: Dagger            |    39 |    47 |       ||    86
       Constrict         |    10 |    25 |     8 ||    43
       Tentacles         |     7 |    26 |     9 ||    42
       Short sword       |       |    70 |    43 ||   113
Throw: Dart              |     2 |    13 |    12 ||    27
  Use: Scroll            |     1 |     5 |       ||     6
 Stab: Sleeping          |     9 |    10 |     5 ||    24
       Distracted        |     1 |       |       ||     1
Armor: Skin              |     6 |     7 |     3 ||    16
Dodge: Dodged            |    26 |    64 |    23 ||   113
Block: Buckler           |       |       |     3 ||     3

Table legend: (Time is in decaauts)
 A = Elapsed time spent in this place.
 B = Non-inter-level travel time spent in this place.
 C = Inter-level travel time spent in this place.
 D = Time resting spent in this place.
 E = Time spent auto-exploring this place.
 F = Levels seen in this place.
 G = Mean time per level.
                   A        B        C        D        E       F      G
               +--------+--------+--------+--------+--------+-----+--------+
         Total |   5788 |   5513 |    275 |    728 |   3909 |   7 |  826.9 |
       Dungeon |   5516 |   5242 |    274 |    728 |   3679 |   6 |  919.3 |
        Temple |    272 |    272 |      0 |      0 |    230 |   1 |  272.0 |
               +--------+--------+--------+--------+--------+-----+--------+

Top non-repeatable levels by time:
     D:4: 1901 daAuts
     D:1: 1000 daAuts
     D:3: 986 daAuts
     D:2: 879 daAuts
     D:5: 732 daAuts
  Temple: 272 daAuts
     D:6: 15 daAuts
